AoeStats
← TiGRaHsIEh

Nomad

507739986Analyzed
4v4 RM · 13d ago on Sep 19, 2026· 54m 32s· 8 players
Game mode
Random Map
Map size
231×231
Population
200
Speed
Normal
Resources
Standard
Victory
Conquest
Starting age
Dark Age
Ending age
Imperial Age
RankedLock teamsTeams togetherTeam positionsShared explorationLock speedFull tech treeHidden civsTurbo modeCheats
Victory
Defeat
🇵🇹 Huns · Portugal
879
+10
🇵🇹 Vietnamese · Portugal
834
+30
🇵🇹 Persians · Portugal
609
+21
🇵🇹 Lithuanians · Portugal
587
+22
🇨🇳 Bohemians · China
764
-18
🇨🇱 Aztecs · Chile
730
-16
🇹🇼 Persians · Taiwan
719
-16
🇯🇵 Vietnamese · Japan
698
-15
Dremora
19:44 Feudal Age
20:41 Gold Mining
21:10 Horse Collar
21:16 Double-Bit Axe
23:27 Forging
23:17 Scale Mail Armor
25:46 Fishing Lines
26:16 Arson
31:00 Castle Age
31:41 Loom
31:36 Pikeman
32:00 Crossbowman
32:01 Elite Skirmisher
33:19 Stone Mining
34:05 Gold Shaft Mining
33:52 Gillnets
34:04 Heavy Plow
34:16 Bow Saw
34:47 Iron Casting
34:27 Chain Mail Armor
34:03 Fletching
34:13 Padded Archer Armor
34:23 Eagle Warrior
35:04 Squires
37:28 Bodkin Arrow
37:49 Leather Archer Armor
46:58 Imperial Age
47:57 Ballistics
47:48 Fortified Wall
48:13 Crop Rotation
49:22 Stone Shaft Mining
49:26 Elite Jaguar Warrior
50:27 Conscription
50:00 Arbalester
50:00 Imperial Skirmisher
50:47 Elite Eagle Warrior
52:19 Wheelbarrow
51:29 Town Watch
TiGRaHsIEh
8:55 Loom
17:49 Feudal Age
29:29 Castle Age
28:14 Scale Barding Armor
28:50 Fletching
30:38 Double-Bit Axe
31:56 Bow Saw
31:29 Horse Collar
32:15 Husbandry
52:49 Pikeman
53:30 Squires
店長
4:09 Loom
15:28 Feudal Age
20:20 Wheelbarrow
21:42 Padded Archer Armor
21:33 Fletching
23:51 Scale Mail Armor
30:05 Castle Age
27:59 Stone Mining
31:29 Horse Collar
33:49 Town Watch
34:23 Leather Archer Armor
37:53 Gold Mining
38:39 Stone Shaft Mining
38:53 Crossbowman
39:39 Double-Bit Axe
39:38 Pikeman
42:13 Hand Cart
47:22 Imperial Age
44:59 Squires
44:45 Arson
45:31 Ballistics
47:05 Chain Mail Armor
47:39 Thumb Ring
48:25 Forging
49:37 Bow Saw
51:08 Arbalester
52:36 Elite Skirmisher
ksffvbh
WESSAI
14:24 Feudal Age
15:47 Wheelbarrow
15:28 Double-Bit Axe
16:05 Loom
25:02 Castle Age
25:21 Scale Barding Armor
25:29 Forging
26:33 Husbandry
26:44 Bloodlines
29:24 Chain Barding Armor
29:40 Iron Casting
29:28 Bow Saw
38:04 Imperial Age
35:20 Horse Collar
35:35 Gold Mining
38:10 Cavalier
40:05 Two-Man Saw
39:06 Heavy Plow
38:58 Stone Mining
41:29 Plate Barding Armor
45:45 Crop Rotation
45:52 Stone Shaft Mining
45:52 Hand Cart
45:38 Paladin
rapxim/L/
12:25 Loom
15:04 Feudal Age
15:35 Double-Bit Axe
15:34 Horse Collar
30:25 Castle Age
31:31 Wheelbarrow
31:36 Bow Saw
31:19 Gold Mining
31:22 Stone Mining
32:03 Bloodlines
33:02 Gold Shaft Mining
32:54 Hand Cart
32:44 Husbandry
33:34 Heavy Plow
44:18 Imperial Age
45:54 Cavalier
50:22 Paladin
hErN1
11:22 Loom
16:33 Feudal Age
18:11 Double-Bit Axe
18:08 Horse Collar
23:32 Wheelbarrow
25:45 Padded Archer Armor
25:36 Fletching
31:14 Castle Age
31:57 Crossbowman
32:43 Thumb Ring
34:21 Leather Archer Armor
35:39 Hand Cart
35:24 Bodkin Arrow
37:16 Ballistics
37:03 Pikeman
42:48 Imperial Age
43:07 Elite Skirmisher
43:07 Arbalester
45:38 Chemistry
45:11 Bracer
47:53 Paper Money
48:11 Halberdier
50:31 Bow Saw
49:49 Elite Fire Lancer
51:23 Imperial Skirmisher
☄ sANT ☩
6:13 Loom
14:32 Feudal Age
16:40 Double-Bit Axe
16:37 Horse Collar
19:06 Wheelbarrow
19:46 Scale Barding Armor
Connection lost

Rejoining the realm…

Still unreachable

The connection could not be restored.

Session expired

The server has moved on; the page needs a fresh start.